General information
			
			
        
        - name: BNet
 
        - type: Ladder team game (AT/RT)
 
        - host: Battle.net
 
        - saver: Kunt.roII
 
        
map: Monsoon 
        - players: 6
 
        - length: 77:05
 
        - speed: Fast
 - version: 1.22 W3XP
 - replay type:  Public
 
» download(641 KB)
Players
        team 1 (winner) 
              
              
Kunt.roII (
purple | 102 APM | 7897 actions | 77:05)
              
 10 Blademaster 
 3 Wind Walk
 3 Critical Strike
 1 Bladestorm
 3 Mirror Image
 
                » actions 
                
                | Assign group hotkey | 416 |  | 
| Basic commands | 35 |  | 
| Build / train | 145 |  | 
| ESC pressed | 6 |  | 
| Enter build submenu | 70 |  | 
| Enter hero's abilities submenu | 9 |  | 
| Give item / drop item | 14 |  | 
| Right click | 3808 |  | 
| Select / deselect | 694 |  | 
| Select group hotkey | 2125 |  | 
| Use ability | 575 |  | 
                7897 total
 » units 
                » upgrades
                
                | Ranged Weapons | 3 |  | 
| Liquid Fire | 1 |  | 
| Reinforced Defenses | 1 |  | 
| Armor | 3 |  | 
| Troll Regeneration | 1 |  | 
                9 total
 » buildings
                
                | Altar of Storms | 1 |  | 
| Orc Burrow | 4 |  | 
| Voodoo Lounge | 2 |  | 
| War Mill | 1 |  | 
| Watch Tower | 57 |  | 
| Stronghold | 2 |  | 
| Beastiary | 2 |  | 
| Fortress | 2 |  | 
| Great Hall | 2 |  | 
| Barracks | 1 |  | 
                74 total
 » build order
                00:12 Altar of Storms
00:22 Orc Burrow
00:51 Voodoo Lounge
01:07 War Mill
01:42 Orc Burrow
02:29 Watch Tower
02:53 Watch Tower
03:35 Stronghold
03:42 Watch Tower
03:59 Watch Tower
04:33 Watch Tower
04:35 Watch Tower
04:39 Watch Tower
05:00 Watch Tower
05:02 Watch Tower
05:46 Watch Tower
06:00 Beastiary
06:02 Beastiary
06:29 Orc Burrow
06:30 Orc Burrow
07:02 Watch Tower
07:32 Watch Tower
07:35 Watch Tower
08:55 Fortress
09:21 Watch Tower
09:22 Watch Tower
10:26 Voodoo Lounge
10:54 Watch Tower
10:56 Watch Tower
13:36 Watch Tower
13:37 Watch Tower
13:40 Watch Tower
14:42 Watch Tower
14:45 Watch Tower
14:55 Great Hall
15:15 Watch Tower
15:16 Watch Tower
18:45 Watch Tower
18:45 Watch Tower
18:46 Watch Tower
21:49 Watch Tower
21:49 Watch Tower
23:59 Watch Tower
24:44 Watch Tower
25:07 Watch Tower
26:47 Watch Tower
26:48 Watch Tower
30:14 Barracks
32:35 Watch Tower
47:26 Great Hall
47:30 Watch Tower
47:30 Watch Tower
47:31 Watch Tower
47:31 Watch Tower
47:42 Watch Tower
47:43 Watch Tower
47:43 Watch Tower
47:44 Watch Tower
48:02 Watch Tower
48:03 Watch Tower
48:57 Watch Tower
48:57 Watch Tower
50:54 Watch Tower
50:55 Watch Tower
50:55 Watch Tower
53:23 Watch Tower
53:24 Watch Tower
53:24 Watch Tower
53:25 Watch Tower
53:25 Watch Tower
» items
                
                | Healing Salve | 6 |  | 
| Lesser Clarity Potion | 15 |  | 
| Staff of Teleportation | 1 |  | 
| Boots of Speed | 1 |  | 
| Orb of Lightning | 1 |  | 
| Potion of Lesser Invulnerability | 3 |  | 
| Potion of Mana | 5 |  | 
| Potion of Healing | 2 |  | 
| Scroll of Regeneration | 2 |  | 
| Scroll of Town Portal | 2 |  | 
                38 total
  
               
              
              
Marin3 (
teal | 51 APM | 3952 actions | 77:04)
              
 7 Archmage 
 3 Blizzard
 3 Brilliance Aura
 1 Mass Teleport
 7 Paladin 
 3 Holy Light
 3 Divine Shield
 1 Devotion Aura
 7 Mountain King 
 3 Storm Bolt
 3 Bash
 1 Avatar
 
                » actions 
                
                | Assign group hotkey | 8 |  | 
| Basic commands | 21 |  | 
| Build / train | 145 |  | 
| ESC pressed | 2 |  | 
| Enter build submenu | 52 |  | 
| Enter hero's abilities submenu | 24 |  | 
| Give item / drop item | 2 |  | 
| Remove unit from queue | 5 |  | 
| Right click | 2351 |  | 
| Select / deselect | 592 |  | 
| Select group hotkey | 353 |  | 
| Use ability | 397 |  | 
                3952 total
 » units 
                
                | Peasant | 17 |  | 
| Priest | 1 |  | 
| Sorceress | 1 |  | 
| Dragonhawk Rider | 19 |  | 
| Ogre Magi | 1 |  | 
                39 total
 » upgrades
                
                | Masonry | 3 |  | 
| Magic Sentry | 1 |  | 
| Cloud | 1 |  | 
| Lumber Harvesting | 2 |  | 
| Sorceress Training | 1 |  | 
| Priest Training | 1 |  | 
| Animal War Training | 1 |  | 
| Armor | 3 |  | 
| Swords | 1 |  | 
                14 total
 » buildings
                
                | Altar of Kings | 1 |  | 
| Farm | 11 |  | 
| Lumber Mill | 1 |  | 
| Scout Tower | 77 |  | 
| Arcane Tower | 3 |  | 
| Guard Tower | 33 |  | 
| Arcane Vault | 1 |  | 
| Town Hall | 2 |  | 
| Keep | 1 |  | 
| Arcane Sanctum | 1 |  | 
| Gryphon Aviary | 1 |  | 
| Castle | 1 |  | 
| Barracks | 1 |  | 
| Blacksmith | 1 |  | 
                135 total
 » build order
                00:07 Altar of Kings
00:20 Farm
00:54 Farm
00:59 Lumber Mill
01:24 Scout Tower
01:44 Scout Tower
01:47 Scout Tower
01:50 Arcane Tower
02:12 Scout Tower
02:14 Guard Tower
02:22 Scout Tower
02:44 Guard Tower
02:46 Scout Tower
02:55 Guard Tower
03:17 Guard Tower
03:21 Scout Tower
03:22 Guard Tower
03:23 Scout Tower
03:55 Guard Tower
04:15 Scout Tower
04:17 Scout Tower
04:18 Scout Tower
04:20 Scout Tower
04:21 Scout Tower
04:21 Scout Tower
04:46 Guard Tower
05:30 Scout Tower
05:31 Scout Tower
05:32 Scout Tower
05:34 Guard Tower
05:39 Arcane Vault
05:59 Guard Tower
06:12 Guard Tower
06:28 Town Hall
06:33 Guard Tower
06:35 Scout Tower
06:39 Keep
06:53 Guard Tower
07:04 Guard Tower
07:31 Guard Tower
07:32 Scout Tower
07:58 Guard Tower
08:00 Scout Tower
08:02 Scout Tower
08:03 Scout Tower
08:03 Scout Tower
08:04 Scout Tower
08:05 Scout Tower
08:46 Guard Tower
09:16 Guard Tower
09:24 Arcane Sanctum
10:14 Guard Tower
10:27 Guard Tower
10:51 Guard Tower
10:54 Scout Tower
10:55 Scout Tower
10:56 Scout Tower
10:57 Scout Tower
10:57 Scout Tower
10:57 Scout Tower
11:36 Arcane Tower
11:41 Gryphon Aviary
11:42 Castle
11:53 Guard Tower
12:44 Guard Tower
13:46 Guard Tower
14:29 Farm
14:30 Farm
14:31 Farm
16:18 Scout Tower
16:22 Scout Tower
17:17 Scout Tower
17:18 Scout Tower
17:19 Scout Tower
17:21 Scout Tower
17:23 Scout Tower
17:24 Scout Tower
17:25 Scout Tower
17:26 Scout Tower
17:28 Scout Tower
17:29 Scout Tower
18:04 Guard Tower
18:33 Guard Tower
19:30 Guard Tower
19:48 Scout Tower
19:49 Scout Tower
19:50 Scout Tower
19:51 Scout Tower
19:52 Scout Tower
19:53 Scout Tower
21:40 Arcane Tower
22:56 Scout Tower
22:57 Scout Tower
22:58 Scout Tower
22:59 Scout Tower
23:01 Scout Tower
26:52 Guard Tower
34:05 Barracks
34:09 Blacksmith
47:37 Scout Tower
47:38 Scout Tower
47:39 Scout Tower
47:39 Scout Tower
47:40 Scout Tower
47:41 Scout Tower
48:13 Guard Tower
48:16 Scout Tower
48:17 Scout Tower
48:17 Scout Tower
48:18 Scout Tower
48:19 Scout Tower
48:19 Scout Tower
48:40 Scout Tower
48:44 Town Hall
48:50 Guard Tower
48:55 Scout Tower
48:55 Scout Tower
48:56 Scout Tower
48:56 Scout Tower
48:57 Scout Tower
48:57 Scout Tower
49:08 Guard Tower
49:18 Guard Tower
51:03 Guard Tower
51:10 Scout Tower
51:11 Scout Tower
51:12 Scout Tower
51:12 Scout Tower
52:58 Guard Tower
66:29 Farm
66:31 Farm
66:33 Farm
66:33 Farm
66:35 Farm
66:35 Farm
» items
                
                | Scroll of Regeneration | 1 |  | 
| Staff of Teleportation | 3 |  | 
| Healing Salve | 1 |  | 
| Boots of Speed | 2 |  | 
| Periapt of Vitality | 3 |  | 
| Potion of Lesser Invulnerability | 2 |  | 
| Orb of Lightning | 3 |  | 
| Staff of Sanctuary | 3 |  | 
| Scroll of Town Portal | 3 |  | 
                21 total
  
               
              
              
TheCumLord (
red | 52 APM | 4029 actions | 77:04)
              
 6 Archmage 
 3 Blizzard
 2 Brilliance Aura
 1 Mass Teleport
 4 Mountain King 
 2 Storm Bolt
 2 Bash
 7 Paladin 
 3 Holy Light
 3 Divine Shield
 1 Devotion Aura
 
                » actions 
                
                | Assign group hotkey | 15 |  | 
| Basic commands | 70 |  | 
| Build / train | 156 |  | 
| ESC pressed | 7 |  | 
| Enter build submenu | 88 |  | 
| Enter hero's abilities submenu | 17 |  | 
| Give item / drop item | 5 |  | 
| Remove unit from queue | 7 |  | 
| Right click | 2168 |  | 
| Select / deselect | 910 |  | 
| Select group hotkey | 198 |  | 
| Use ability | 387 |  | 
                4029 total
 » units 
                
                | Peasant | 21 |  | 
| Sorceress | 6 |  | 
| Dragonhawk Rider | 14 |  | 
| Priest | 1 |  | 
| Mortar Team | 9 |  | 
| Siege Engine | 1 |  | 
                52 total
 » upgrades
                
                | Masonry | 3 |  | 
| Lumber Harvesting | 2 |  | 
| Magic Sentry | 1 |  | 
| Sorceress Training | 2 |  | 
| Swords | 1 |  | 
| Cloud | 1 |  | 
| Gunpowder | 2 |  | 
| Flare | 1 |  | 
| Backpack | 1 |  | 
| Barrage | 1 |  | 
                15 total
 » buildings
                
                | Altar of Kings | 1 |  | 
| Farm | 6 |  | 
| Lumber Mill | 2 |  | 
| Scout Tower | 71 |  | 
| Guard Tower | 40 |  | 
| Keep | 1 |  | 
| Arcane Vault | 2 |  | 
| Town Hall | 1 |  | 
| Blacksmith | 1 |  | 
| Arcane Sanctum | 1 |  | 
| Gryphon Aviary | 1 |  | 
| Castle | 1 |  | 
| Arcane Tower | 4 |  | 
| Workshop | 1 |  | 
                133 total
 » build order
                00:07 Altar of Kings
00:19 Farm
00:38 Lumber Mill
01:08 Farm
01:12 Farm
01:58 Scout Tower
02:02 Scout Tower
02:28 Guard Tower
02:30 Scout Tower
02:31 Guard Tower
02:34 Scout Tower
02:58 Guard Tower
03:03 Guard Tower
03:26 Scout Tower
03:43 Scout Tower
03:44 Scout Tower
03:47 Scout Tower
03:49 Scout Tower
03:50 Scout Tower
04:07 Guard Tower
04:13 Guard Tower
04:15 Guard Tower
04:19 Guard Tower
04:21 Scout Tower
04:23 Guard Tower
04:32 Scout Tower
04:51 Guard Tower
05:09 Guard Tower
05:10 Scout Tower
05:14 Scout Tower
05:40 Keep
05:43 Guard Tower
05:50 Arcane Vault
06:06 Guard Tower
06:08 Scout Tower
06:15 Scout Tower
06:50 Guard Tower
07:04 Town Hall
07:10 Guard Tower
07:21 Scout Tower
07:29 Blacksmith
07:53 Guard Tower
07:54 Scout Tower
08:13 Farm
08:14 Farm
08:18 Arcane Sanctum
08:22 Gryphon Aviary
08:35 Guard Tower
08:37 Scout Tower
09:13 Guard Tower
09:15 Scout Tower
09:23 Castle
10:52 Guard Tower
11:21 Scout Tower
11:24 Scout Tower
11:27 Scout Tower
11:58 Guard Tower
12:13 Scout Tower
12:15 Scout Tower
12:45 Scout Tower
12:47 Scout Tower
13:00 Scout Tower
13:02 Guard Tower
13:05 Guard Tower
13:18 Guard Tower
13:34 Scout Tower
13:50 Scout Tower
13:53 Guard Tower
14:17 Arcane Vault
14:21 Guard Tower
15:06 Scout Tower
15:09 Scout Tower
15:48 Arcane Tower
15:54 Scout Tower
15:56 Scout Tower
16:30 Arcane Tower
17:13 Scout Tower
17:16 Scout Tower
17:21 Scout Tower
17:24 Scout Tower
34:20 Workshop
34:26 Farm
35:05 Scout Tower
35:07 Scout Tower
35:11 Scout Tower
35:43 Arcane Tower
35:45 Arcane Tower
35:46 Scout Tower
35:48 Scout Tower
35:51 Scout Tower
36:20 Guard Tower
36:24 Guard Tower
46:43 Scout Tower
46:45 Scout Tower
46:47 Scout Tower
46:48 Scout Tower
46:50 Scout Tower
46:52 Scout Tower
46:54 Scout Tower
47:16 Guard Tower
47:17 Guard Tower
47:20 Guard Tower
47:22 Scout Tower
47:23 Scout Tower
47:25 Scout Tower
47:28 Scout Tower
47:30 Guard Tower
47:37 Scout Tower
47:39 Scout Tower
47:43 Scout Tower
48:00 Guard Tower
48:00 Guard Tower
48:03 Scout Tower
48:06 Scout Tower
48:08 Scout Tower
48:09 Guard Tower
48:13 Scout Tower
48:16 Scout Tower
48:20 Scout Tower
48:38 Guard Tower
48:42 Scout Tower
48:44 Scout Tower
48:47 Guard Tower
48:49 Scout Tower
48:51 Guard Tower
48:53 Scout Tower
48:56 Scout Tower
48:59 Scout Tower
49:15 Scout Tower
49:17 Guard Tower
50:43 Guard Tower
58:04 Lumber Mill
» items
                
                | Healing Salve | 2 |  | 
| Lesser Clarity Potion | 1 |  | 
| Staff of Teleportation | 3 |  | 
| Boots of Speed | 2 |  | 
| Staff of Sanctuary | 1 |  | 
| Orb of Lightning | 3 |  | 
| Scroll of Town Portal | 4 |  | 
                16 total
  
               team 2 (loser) 
              
              
iLLoGiCaL- (
yellow | 95 APM | 7343 actions | 76:55)
              
 8 Death Knight 
 3 Death Coil
 3 Unholy Aura
 2 Death Pact
 5 Lich 
 3 Frost Nova
 2 Dark Ritual
 4 Dark Ranger 
 2 Silence
 2 Life Drain
 
                » actions 
                
                | Assign group hotkey | 96 |  | 
| Basic commands | 37 |  | 
| Build / train | 157 |  | 
| ESC pressed | 7 |  | 
| Enter build submenu | 49 |  | 
| Enter hero's abilities submenu | 17 |  | 
| Right click | 4625 |  | 
| Select / deselect | 1495 |  | 
| Select group hotkey | 519 |  | 
| Use ability | 340 |  | 
                7343 total
 » units 
                
                | Acolyte | 32 |  | 
| Ghoul | 4 |  | 
| Gargoyle | 7 |  | 
| Obsidian Statue | 3 |  | 
| Frost Wyrm | 17 |  | 
| Crypt Fiend | 17 |  | 
| Necromancer | 1 |  | 
                81 total
 » upgrades
                
                | Creature Attack | 3 |  | 
| Creature Carapace | 3 |  | 
| Stone Form | 1 |  | 
| Web | 1 |  | 
| Burrow | 1 |  | 
| Cannibalize | 1 |  | 
| Unholy Strength | 1 |  | 
| Unholy Armor | 1 |  | 
| Ghoul Frenzy | 1 |  | 
| Freezing Breath | 1 |  | 
| Necromancer Training | 1 |  | 
| Exhume Corpses | 1 |  | 
                16 total
 » buildings
                
                | Crypt | 4 |  | 
| Graveyard | 1 |  | 
| Halls of the Dead | 2 |  | 
| Altar of Darkness | 1 |  | 
| Ziggurat | 26 |  | 
| Tomb of Relics | 1 |  | 
| Black Citadel | 2 |  | 
| Slaughterhouse | 1 |  | 
| Sacrificial Pit | 1 |  | 
| Boneyard | 2 |  | 
| Spirit Tower | 4 |  | 
| Necropolis | 1 |  | 
| Nerubian Tower | 3 |  | 
| Temple of the Damned | 4 |  | 
                53 total
 » build order
                00:06 Crypt
00:11 Graveyard
00:34 Halls of the Dead
00:34 Halls of the Dead
00:45 Altar of Darkness
01:02 Ziggurat
01:23 Tomb of Relics
01:46 Crypt
01:50 Crypt
01:54 Ziggurat
02:06 Crypt
02:19 Ziggurat
02:35 Ziggurat
03:40 Black Citadel
05:07 Slaughterhouse
05:11 Sacrificial Pit
06:11 Boneyard
06:13 Boneyard
07:38 Ziggurat
07:38 Ziggurat
09:08 Spirit Tower
15:48 Ziggurat
20:39 Necropolis
20:58 Spirit Tower
22:25 Ziggurat
22:28 Ziggurat
22:31 Ziggurat
22:34 Ziggurat
22:35 Ziggurat
22:37 Ziggurat
22:39 Ziggurat
22:40 Ziggurat
22:43 Ziggurat
22:48 Ziggurat
22:54 Ziggurat
23:09 Ziggurat
23:09 Ziggurat
24:02 Ziggurat
24:03 Ziggurat
24:04 Ziggurat
24:56 Spirit Tower
24:58 Ziggurat
25:21 Spirit Tower
26:04 Ziggurat
26:08 Ziggurat
29:11 Nerubian Tower
29:11 Nerubian Tower
44:47 Temple of the Damned
44:48 Temple of the Damned
44:50 Temple of the Damned
44:52 Temple of the Damned
» items
                
                | Rod of Necromancy | 2 |  | 
| Dust of Appearance | 3 |  | 
| Orb of Corruption | 1 |  | 
| Potion of Healing | 3 |  | 
| Scroll of Town Portal | 5 |  | 
| Potion of Lesser Invulnerability | 3 |  | 
| Scroll of Healing | 2 |  | 
| Scroll of Protection | 2 |  | 
                21 total
  
               
              
              
MiNiShall (
green | 177 APM | 13637 actions | 77:03)
              
 8 Demon Hunter 
 3 Mana Burn
 3 Evasion
 1 Metamorphosis
 1 Immolation
 
                » actions 
                
                | Assign group hotkey | 575 |  | 
| Basic commands | 469 |  | 
| Build / train | 224 |  | 
| ESC pressed | 8 |  | 
| Enter build submenu | 100 |  | 
| Enter hero's abilities submenu | 8 |  | 
| Give item / drop item | 9 |  | 
| Remove unit from queue | 6 |  | 
| Right click | 5931 |  | 
| Select / deselect | 1559 |  | 
| Select group hotkey | 4322 |  | 
| Use ability | 422 |  | 
                13637 total
 » units 
                
                | Wisp | 110 |  | 
| Hippogryph | 17 |  | 
| Dryad | 10 |  | 
                137 total
 » upgrades
                
                | Strength of the Wild | 3 |  | 
| Reinforced Hides | 3 |  | 
| Well Spring | 0 |  | 
| Ultravision | 1 |  | 
| Nature's Blessing | 1 |  | 
| Abolish Magic | 1 |  | 
                9 total
 » buildings
                
                | Moon Well | 4 |  | 
| Altar of Elders | 1 |  | 
| Hunter's Hall | 1 |  | 
| Tree of Life | 9 |  | 
| Ancient Protector | 72 |  | 
| Tree of Ages | 4 |  | 
| Ancient of Wind | 1 |  | 
| Tree of Eternity | 3 |  | 
| Ancient of Lore | 2 |  | 
                97 total
 » build order
                00:07 Moon Well
00:08 Altar of Elders
06:26 Hunter's Hall
06:56 Tree of Life
07:16 Moon Well
07:47 Tree of Life
09:00 Ancient Protector
09:01 Ancient Protector
09:25 Ancient Protector
09:55 Ancient Protector
11:39 Tree of Life
11:43 Ancient Protector
11:49 Ancient Protector
11:49 Ancient Protector
11:49 Ancient Protector
11:50 Ancient Protector
11:52 Ancient Protector
12:55 Ancient Protector
12:56 Ancient Protector
12:56 Ancient Protector
14:25 Tree of Ages
14:25 Tree of Ages
14:26 Tree of Ages
14:29 Ancient Protector
14:38 Ancient Protector
14:38 Ancient Protector
14:39 Ancient Protector
15:47 Tree of Life
16:33 Ancient Protector
16:33 Ancient Protector
16:34 Ancient Protector
16:57 Ancient Protector
16:58 Ancient Protector
16:59 Ancient Protector
17:40 Ancient Protector
17:41 Ancient Protector
17:53 Ancient Protector
17:53 Ancient Protector
17:55 Ancient Protector
18:00 Ancient Protector
18:01 Ancient Protector
18:01 Ancient Protector
18:03 Ancient Protector
18:10 Ancient Protector
18:47 Ancient Protector
18:55 Ancient Protector
19:19 Ancient Protector
19:56 Ancient Protector
19:56 Ancient Protector
19:57 Ancient Protector
20:50 Ancient Protector
20:51 Ancient Protector
21:03 Ancient Protector
21:03 Ancient Protector
21:04 Ancient Protector
21:42 Ancient Protector
22:10 Ancient Protector
22:10 Ancient Protector
22:12 Ancient Protector
22:14 Ancient Protector
22:20 Ancient Protector
22:20 Ancient Protector
22:27 Ancient Protector
22:27 Ancient Protector
22:31 Ancient Protector
22:32 Ancient Protector
23:01 Ancient Protector
24:08 Tree of Life
24:54 Ancient Protector
24:56 Ancient Protector
26:24 Ancient of Wind
27:22 Tree of Eternity
27:22 Tree of Eternity
27:44 Moon Well
27:44 Moon Well
29:56 Tree of Life
30:00 Tree of Life
31:45 Ancient Protector
31:50 Ancient Protector
31:50 Ancient Protector
31:52 Ancient Protector
31:53 Ancient Protector
32:00 Ancient Protector
32:00 Ancient Protector
32:01 Ancient Protector
32:02 Ancient Protector
32:03 Ancient Protector
32:05 Tree of Life
33:12 Ancient Protector
33:14 Ancient Protector
33:25 Ancient Protector
42:32 Tree of Life
42:38 Ancient Protector
46:50 Ancient of Lore
46:51 Ancient of Lore
» items
                
                | Boots of Speed | 1 |  | 
| Orb of Venom | 1 |  | 
| Potion of Lesser Invulnerability | 8 |  | 
| Dust of Appearance | 6 |  | 
| Potion of Invisibility | 1 |  | 
| Scroll of Protection | 3 |  | 
| Scroll of Healing | 8 |  | 
| Staff of Teleportation | 1 |  | 
                29 total
  
               
              
              
west.clan (
pink | 131 APM | 10093 actions | 76:58)
              
 6 Demon Hunter 
 2 Mana Burn
 3 Evasion
 1 Metamorphosis
 1 Pit Lord 
 1 Rain of Fire
 
                » actions 
                
                | Assign group hotkey | 63 |  | 
| Basic commands | 766 |  | 
| Build / train | 227 |  | 
| ESC pressed | 13 |  | 
| Enter build submenu | 54 |  | 
| Enter hero's abilities submenu | 8 |  | 
| Give item / drop item | 6 |  | 
| Remove unit from queue | 7 |  | 
| Right click | 4007 |  | 
| Select / deselect | 1403 |  | 
| Select group hotkey | 3283 |  | 
| Use ability | 241 |  | 
                10093 total
 » units 
                
                | Wisp | 91 |  | 
| Archer | 3 |  | 
| Druid of the Talon | 1 |  | 
| Huntress | 1 |  | 
| Dryad | 3 |  | 
| Chimaera | 20 |  | 
                119 total
 » upgrades
                
                | Improved Bows | 1 |  | 
| Strength of the Moon | 3 |  | 
| Moon Armor | 3 |  | 
| Marksmanship | 1 |  | 
| Corrosive Breath | 1 |  | 
| Strength of the Wild | 3 |  | 
| Reinforced Hides | 3 |  | 
| Nature's Blessing | 1 |  | 
                16 total
 » buildings
                
                | Altar of Elders | 3 |  | 
| Moon Well | 9 |  | 
| Ancient of War | 6 |  | 
| Hunter's Hall | 1 |  | 
| Tree of Ages | 6 |  | 
| Ancient Protector | 21 |  | 
| Tree of Eternity | 4 |  | 
| Ancient of Wind | 2 |  | 
| Ancient of Wonders | 1 |  | 
| Ancient of Lore | 4 |  | 
| Chimaera Roost | 2 |  | 
                59 total
 » build order
                00:07 Altar of Elders
00:10 Moon Well
02:27 Ancient of War
02:49 Hunter's Hall
03:36 Moon Well
03:48 Ancient of War
04:19 Moon Well
04:31 Moon Well
05:48 Tree of Ages
05:48 Tree of Ages
05:49 Tree of Ages
06:55 Ancient Protector
06:58 Ancient Protector
08:37 Ancient Protector
09:05 Ancient Protector
09:07 Ancient Protector
09:38 Ancient Protector
10:29 Ancient Protector
10:33 Ancient Protector
11:36 Ancient Protector
11:37 Ancient Protector
11:57 Ancient of War
11:58 Ancient of War
12:02 Ancient Protector
12:03 Ancient Protector
13:37 Tree of Eternity
13:37 Tree of Eternity
13:37 Tree of Eternity
13:44 Ancient of War
13:49 Ancient of War
13:55 Ancient Protector
14:18 Ancient of Wind
14:20 Ancient of Wind
14:38 Moon Well
14:39 Moon Well
14:41 Moon Well
14:47 Ancient Protector
14:51 Ancient Protector
19:09 Moon Well
20:09 Ancient of Wonders
20:28 Moon Well
24:57 Ancient of Lore
24:59 Ancient of Lore
25:06 Ancient of Lore
25:09 Ancient of Lore
25:12 Chimaera Roost
25:14 Chimaera Roost
26:30 Ancient Protector
26:30 Ancient Protector
26:32 Ancient Protector
26:45 Ancient Protector
26:50 Ancient Protector
27:07 Ancient Protector
69:33 Altar of Elders
76:29 Altar of Elders
» items
                
                | Staff of Teleportation | 2 |  | 
| Scroll of Healing | 8 |  | 
| Orb of Venom | 5 |  | 
| Potion of Lesser Invulnerability | 3 |  | 
| Boots of Speed | 1 |  | 
| Scroll of Protection | 2 |  | 
                21 total
  
                Chat log
          (00:05 / All) Kunt.roII: Garg feed
(00:09 / All) Kunt.roII: Great strat
(00:15 / All) iLLoGiCaL-: 고^^
(00:30 / All) Kunt.roII: dont worry
(00:33 / All) iLLoGiCaL-: we will see ^^
(00:34 / All) Kunt.roII: i havent figured out how to beat it yet
(00:48 / All) Marin3: last time i got foots with defend
(00:51 / All) Marin3: but it didnt work :*(
(00:59 / All) Kunt.roII: refeclt 80% dmg my ass.. . . 
(01:27 / Allies) TheCumLord: gg
(01:34 / Allies) TheCumLord: ignore
(02:22 / All) Kunt.roII: LAWL
(02:32 / All) Marin3: lol
(02:36 / All) Marin3: i forgot my rax
(02:37 / All) Kunt.roII: heh
(06:03 / All) TheCumLord: You performed the patronus charm in the presence of a muggle?!
(06:19 / All) Kunt.roII: nice tp
(08:33 / Allies) Kunt.roII: ..
(08:36 / Allies) Kunt.roII: dumb
(08:59 / Allies) Kunt.roII: fuck im lagging bad
(09:03 / Allies) Kunt.roII: gold
(09:44 / Allies) Kunt.roII: this lag is bad
(10:12 / Allies) Kunt.roII: give
(10:12 / Allies) Kunt.roII: u
(10:13 / Allies) Kunt.roII: jerk
(10:39 / Allies) Kunt.roII: \
(11:56 / Allies) Kunt.roII: pull the big ogre out
(12:20 / Allies) Kunt.roII: lawlalwlwlaw
(12:30 / Allies) Marin3: tried to get itam
(12:33 / Allies) Marin3: and ffailed :*(
(12:38 / All) Kunt.roII: LOL
(13:04 / Allies) Kunt.roII: f me
(13:26 / Allies) Kunt.roII: golde
(13:27 / Allies) Kunt.roII: for bat
(13:43 / Allies) Kunt.roII: orbz
(13:48 / Allies) Kunt.roII: ?
(13:56 / Allies) Marin3: can i get an orc shop?
(14:06 / Allies) Kunt.roII: u dont need but for orb...
(14:11 / Allies) Kunt.roII: 2 orbs
(14:33 / Allies) Kunt.roII: gold for wood so ill get expo n ow
(14:46 / Allies) Kunt.roII: haha
(14:59 / All) iLLoGiCaL-: 돈좀
(15:02 / All) Kunt.roII:  
(15:29 / Allies) Kunt.roII: i did get crown fyi
(15:30 / Allies) Kunt.roII: if u didnt see
(15:33 / Allies) Marin3: nice
(15:36 / Allies) Marin3: i didnt see
(15:38 / Allies) Marin3: pro stuff
(15:42 / Allies) Kunt.roII: dk ran in
(15:44 / Allies) Kunt.roII: and picked up lit sheild
(15:45 / Allies) Kunt.roII: xD
(15:48 / Allies) Marin3: ahahaha
(16:12 / Allies) Kunt.roII: he blocked with aows
(16:14 / Allies) Marin3: im getting cloud
(16:20 / Allies) Kunt.roII: fiends are out
(16:31 / Allies) Kunt.roII: and shades
(16:39 / Allies) Kunt.roII: ?
(17:54 / Allies) Kunt.roII: meh
(17:58 / Allies) Kunt.roII: got 5 towers for 2 bats
(18:06 / All) iLLoGiCaL-: 타워도배하고 멀티
(18:09 / All) Kunt.roII:  
(18:19 / All) Kunt.roII: garg feed
(18:21 / All) Kunt.roII: good strat
(18:26 / All) Kunt.roII: fast wins
(19:07 / Allies) Kunt.roII: scan it
(19:35 / Allies) Kunt.roII: scan
(19:43 / Allies) Marin3: no more scans
(19:46 / Allies) Marin3: ill build more
(20:30 / Allies) Kunt.roII: omgggg
(20:42 / Allies) Kunt.roII: they gonna make this long gaem tt
(21:45 / Allies) Kunt.roII: dispel
(21:54 / Allies) Marin3: teching it
(22:02 / Allies) Kunt.roII: yeah
(22:04 / Allies) Kunt.roII: there are like
(22:08 / Allies) Kunt.roII: 10 archers and 2 dotts there
(22:15 / Allies) TheCumLord: with heros we can take that
(22:19 / Allies) Kunt.roII: the ud
(22:23 / Allies) Kunt.roII: is just patrolling the middle
(22:36 / Allies) Kunt.roII: u fags hit bottom
(22:40 / Allies) Kunt.roII: WHILE i hit top
(22:46 / Allies) Kunt.roII: or come top ish
(22:50 / Allies) Kunt.roII: fucking ud
(22:55 / Allies) Kunt.roII: ns hades
(23:47 / Allies) Kunt.roII: 9h p on the wyrjmn
(24:05 / Allies) Kunt.roII: omw
(24:07 / Allies) Kunt.roII: but so is ud
(24:26 / Allies) TheCumLord: now would be a good time to bat that
(24:30 / Allies) TheCumLord: with hawk
(24:32 / Allies) Kunt.roII: bats killed 4 wyrm
(24:39 / Allies) Kunt.roII: also no its not cause ud was already on way there? ???
(25:09 / Allies) Marin3: thats alot of procs
(25:30 / Allies) Marin3: you could bat that
(25:31 / Allies) Marin3: from bottom
(25:34 / Allies) Kunt.roII: yeah
(25:36 / Allies) Marin3: and towers cant all range
(25:36 / Allies) Kunt.roII: ill let it build
(25:39 / Allies) Kunt.roII: SCAN
(25:42 / Allies) TheCumLord: i have hawk
(25:51 / Allies) Kunt.roII: da fuck
(25:56 / Allies) Marin3: 4 lores
(25:57 / Allies) Marin3: lol
(25:59 / Allies) Kunt.roII: 2 roosts there
(26:18 / Allies) Marin3: ne is taking all the expos and hes not in upkeep
(26:20 / Allies) Marin3: they are smart
(26:23 / Allies) TheCumLord: ye
(26:33 / Allies) Marin3: but if the ud is in upkeep
(26:38 / Allies) Marin3: when he runs outta gold it wont matter
(26:39 / Allies) Marin3: lol
(27:05 / Allies) Kunt.roII: ud
(27:05 / Allies) Kunt.roII: scan
(27:08 / Allies) Kunt.roII: for shdae
(27:40 / Allies) Kunt.roII: another shade around
(27:42 / Allies) Kunt.roII: so many shades
(28:04 / Allies) Kunt.roII: careful
(28:09 / Allies) Kunt.roII: im b
(28:13 / Allies) Kunt.roII: no hps
(28:44 / Allies) Kunt.roII: haha nice
(29:45 / Allies) Marin3: use hawks next time
(29:53 / Allies) Marin3: bia share so he can use
(30:17 / Allies) Marin3: cumming
(30:33 / Allies) Marin3: ud is camping my base :*(
(31:31 / Allies) Kunt.roII: i hit potion
(31:37 / Allies) Kunt.roII: before i even appeared
(31:41 / Allies) Kunt.roII: :(
(34:50 / Allies) Marin3: ill hawk them if they come back
(36:08 / Allies) Marin3: lumber on this map sucks
(36:10 / Allies) Marin3: we gonna run out
(36:11 / Allies) TheCumLord: ye
(36:13 / Allies) Kunt.roII: thx for pot
(36:18 / Allies) Marin3: jerk
(36:47 / All) iLLoGiCaL-: guys can i go sleep?
(36:51 / All) TheCumLord: sure
(36:51 / All) Kunt.roII: get dreadlord'
(37:47 / All) Kunt.roII: hey yellow
(37:49 / All) Kunt.roII: Ill trade u orbs
(37:50 / All) iLLoGiCaL-: ?>
(37:54 / All) iLLoGiCaL-: wug?
(37:58 / All) iLLoGiCaL-: lol
(37:59 / All) Kunt.roII: white orb
(38:04 / All) Kunt.roII: like white ring
(38:08 / All) iLLoGiCaL-: add more
(38:11 / All) Kunt.roII: u kno???
(38:11 / Allies) TheCumLord: haha
(38:15 / All) iLLoGiCaL-: this is diablo trade
(38:15 / All) Kunt.roII: white ring best item...
(38:22 / All) iLLoGiCaL-: no bug item ty
(38:27 / All) Kunt.roII: nub
(38:33 / All) TheCumLord: u giev
(38:41 / All) TheCumLord: U GIEV
(38:47 / All) TheCumLord: unid wf 4 soj
(39:03 / Allies) Marin3: lets bat that
(39:21 / Allies) Marin3: u
(39:21 / Allies) Marin3: g
(39:22 / Allies) Marin3: h
(39:38 / Allies) Marin3: he dusted
(39:53 / Allies) Marin3: my pally had dust on him
(40:16 / Allies) Marin3: bat this
(40:18 / Allies) Marin3: ill cloud
(41:10 / Allies) Marin3: 3 shades
(41:11 / Allies) Marin3: lol
(41:39 / Allies) Marin3: ill cloud
(41:57 / Allies) Marin3: go
(42:18 / Allies) TheCumLord: b
(42:20 / Allies) TheCumLord: b
(43:11 / Allies) Marin3: if u batted wyrms
(43:15 / Allies) Marin3: we could kill
(44:29 / Allies) Marin3: clouding
(48:16 / All) Kunt.roII: yellow
(48:20 / All) Kunt.roII: u build more shades than i build towersw
(49:15 / All) Kunt.roII: green
(49:20 / All) Kunt.roII: uit helps to have buildings that make units
(49:24 / All) Kunt.roII: if your plan is to make units
(52:31 / Allies) Marin3: that silence sucks
(52:36 / Allies) Kunt.roII: ye
(53:35 / Allies) Marin3: lol
(53:39 / Allies) Marin3: put me into upkeep
(54:39 / All) Kunt.roII: LoL
(55:03 / All) Kunt.roII: nice block green
(55:12 / All) TheCumLord: dont worry
(55:17 / All) TheCumLord: theres over 500 gold left in that mine
(55:33 / All) Kunt.roII: lalw
(56:30 / All) Kunt.roII: im sure theres more gold where that came from!
(57:06 / All) Kunt.roII: Garg feed\
(57:08 / All) Kunt.roII: Good Strat
(57:12 / All) Marin3: fast wins
(57:41 / Allies) Marin3: your almost 10
(58:07 / All) Kunt.roII: your first 20 wyrms made a bit impact on this game
(58:21 / All) Kunt.roII: maybe 25 might just tip it in ur favor??
(59:32 / All) TheCumLord: splat
(61:12 / Allies) Marin3: sry
(61:16 / Allies) Marin3: killing lich > healing u
(61:49 / All) TheCumLord: EXPELLIARMUS
(63:16 / Allies) Marin3: that
(63:19 / Allies) Marin3: is alot of chims
(63:19 / Allies) Kunt.roII: hey noobs
(63:19 / Allies) TheCumLord: vnice
(63:21 / Allies) Kunt.roII: whiel im away
(63:22 / Allies) Kunt.roII: stop dying
(67:10 / Allies) Marin3: wow
(68:34 / Allies) Marin3: lol
(68:36 / Allies) Marin3: saved ur life there
(69:39 / All) TheCumLord: Thx 4 da levelz
(69:50 / Allies) Marin3: i got 12 hawks
(69:55 / Allies) Marin3: lets just rush their shit down
(70:00 / Allies) TheCumLord: i got 6 futanari dicks
(71:03 / All) iLLoGiCaL-: 자원보고있을꼐
(71:08 / All) TheCumLord:  
(71:09 / All) Kunt.roII:  
(72:58 / Allies) Marin3: taking a piss
(74:14 / Allies) Marin3: ok back
(74:18 / Allies) Kunt.roII: imma use ur hawk
(74:23 / Allies) Marin3: hawk that
(75:15 / Allies) Marin3: i can sue them
(75:17 / Allies) Marin3: use
(76:59 / Allies) Kunt.roII: lmao
(77:00 / All) Kunt.roII: 2ez
(77:00 / All) Marin3: gg